 Dungeon Crawl Stone Soup version 0.28-a0-653-g7e9dba17c3 (webtiles) character file.

Game seed: 10711890604525017291

7 sanka the Skirmisher (level 1, 0/19 HPs)
             Began as a Palentonga Abyssal Knight on Oct 11, 2021.
             Was an Initiate of Lugonu.
             Killed from afar by a dart slug (4 damage)
             ... with a slug dart
             ... on level 1 of the Dungeon.
             The game lasted 00:01:19 (251 turns).

sanka the Skirmisher (Palentonga Abyssal Knight)     Turns: 251, Time: 00:01:19

Health: 0/19       AC:  4    Str: 16    XL:     1   Next: 91%
Magic:  2/2        EV:  9    Int: 10    God:    Lugonu [......]
Gold:   35         SH:  0    Dex: 10    Spells: 0/0 levels left

rFire   . . .      SeeInvis +   c - +5 dagger
rCold   . . .      Faith    .   (no shield)
rNeg    . . .      Spirit   .   b - +0 leather armour
rPois   .          Reflect  .   (no helmet)
rElec   .          Harm     .   (no cloak)
rCorr   .          Rampage  .   (no gloves)
Will    .....                   (no barding)
Stlth   +.........              (no amulet)
HPRegen 0.06/turn               (no ring)
MPRegen 0.08/turn               (no ring)

@: no status effects
A: large, rugged brown scales 3, see invisible, deformed body, roll 1, armoured
tail
a: Rolling Charge, Renounce Religion


You were on level 1 of the Dungeon.
You worshipped Lugonu.
Lugonu was noncommittal.
You visited 1 branch of the dungeon, and saw 1 of its levels.
You visited the Abyss 1 time.

You collected 35 gold pieces.


Innate Abilities, Weirdness & Mutations

You are completely covered in rugged brown scales. (AC +3, +7% HP)
You have supernaturally acute eyesight. (SInv)
Armour fits poorly on your strangely shaped body.
You can roll at nearby foes to attack.
You have a long armoured tail.


   Skills:
 - Level 3.0 Fighting
 - Level 2.0 Axes
 - Level 1.5 Armour
 - Level 0.7 Dodging
 + Level 2.8 Invocations


You couldn't memorise any spells.
You didn't know any spells.
Your spell library was empty.

Inventory:

Hand Weapons
 a - a +1 hand axe
 c - a +5 dagger (weapon)
Armour
 b - a +0 leather armour (worn)
Magical Staves
 f - a staff of air
Jewellery
 d - a ring of willpower
Scrolls
 e - a scroll of blinking {unknown}

Dungeon Overview and Level Annotations

Branches:
Dungeon (1/15)

Altars:

..>...▒..▒.▒..▒▒
........▒._.▒...
.........▒.▒..▒▒
▒.▒▒▒▒▒...▒.....
▒..........
▒▒▒▒▒▒▒▒▒.....▒....
▒................▒▒
▒.▒▒▒▒▒▒▒........▒
▒.HJ..▒ ▒..††....▒
▒..r▒.▒ ▒..........
.....▒ ▒........▒▒
▒w▒...▒ ▒........▒
▒.▒▒▒▒▒ ▒▒▒▒▒▒...▒
▒ ...▒ ...▒


You could see a dart slug, an endoplasm and a rat.


Message History

The endoplasm is lightly wounded.
A dart slug comes into view.
The endoplasm closely misses you.
You hit the endoplasm.
The endoplasm is severely wounded.
The rat bites you. The endoplasm barely misses you.
You hit the endoplasm but do no damage.
The endoplasm is severely wounded.
The rat bites you. The dart slug launches a dart at you.
The slug dart hits you. The endoplasm freezes you.
You are frozen.
* * * LOW HITPOINT WARNING * * *
You hit the endoplasm but do no damage.
Your tail-slap misses the endoplasm.
The endoplasm is severely wounded.
The rat barely misses you. The endoplasm freezes you.
You are frozen.
* * * LOW HITPOINT WARNING * * *
Unknown command.
You hit the endoplasm.
The endoplasm is almost dead.
The rat bites you.
* * * LOW HITPOINT WARNING * * *
The dart slug launches a dart at you. The slug dart hits you.
You die...

Action                   || total
-------------------------++-------
Melee: Dagger            ||    20
       Tailslap          ||     4
Invok: Depart the Abyss  ||     1
 Abil: Rolling Charge    ||     1
Armor: Leather armour    ||     2
Dodge: Dodged            ||     9

Levels and vault maps discovered:
D:1:      minmay_arrival_four_loops, layout_basic,
          chequers_ecumenical_altar_simple_redux

Notes
Turn   | Place    | Note
-------+----------+-------------------------------------------
     0 | Abyss:1  | sanka the Palentonga Abyssal Knight began the quest for the
                  | Orb.
     0 | Abyss:1  | Reached XP level 1. HP: 19/19 MP: 2/2
    69 | Abyss:1  | Found a transporter.
    71 | Abyss:1  | Noticed a raiju
    72 | Abyss:1  | Noticed a tentacled starspawn
    72 | Abyss:1  | Noticed a small abomination
    72 | Abyss:1  | Noticed a large abomination
    73 | Abyss:1  | Found a corrupted altar of Lugonu.
    73 | Abyss:1  | Noticed a tentacled starspawn
    73 | Abyss:1  | Noticed a mana viper
    73 | Abyss:1  | Noticed a sixfirhy
    73 | Abyss:1  | Noticed a worldbinder
    73 | Abyss:1  | Noticed a will-o-the-wisp
   101 | Abyss:1  | Noticed a large abomination
   102 | Abyss:1  | Noticed a small abomination
   122 | D:1      | Escaped the Abyss
   217 | D:1      | Found a faded altar of an unknown god.
   251 | D:1      | Killed from afar by a dart slug

Vanquished Creatures
  A hobgoblin (D:1)
  3 jackals (D:1)
  A ball python (D:1)
  A bat (D:1)
  A kobold (D:1)
7 creatures vanquished.
